 Dungeon Crawl Stone Soup version 0.31.0-1-g2c135a0 (webtiles) character file.

Game seed: 5699942717887954846

22 Kel the Trooper (level 2, 0/19 HPs)
             Began as a Gargoyle Berserker on Feb 10, 2024.
             Was a Follower of Trog.
             Slain by a jackal (2 damage)
             ... on level 1 of the Dungeon.
             The game lasted 00:00:42 (379 turns).

Kel the Trooper (Gargoyle Berserker)                 Turns: 379, Time: 00:00:42

Health: 0/19       AC:  5    Str: 20    XL:     2   Next: 91%
Magic:  2/2        EV: 11    Int:  7    God:    Trog [*.....]
Gold:   54         SH:  0    Dex:  9    Spells: 1/1 levels left

rFire   . . .        a - +0 mace
rCold   . . .        (no shield)
rNeg    + . .        b - +0 animal skin
rPois   ∞            (no helmet)
rElec   +            (no cloak)
rCorr   .            (no gloves)
SInv    .            (no boots)
Will    .....        (no amulet)
Stlth   +            (no ring)
HPRegen 0.23/turn    (no ring)
MPRegen 0.08/turn

%: no passive effects
@: no status effects
A: sickness immunity, AC +2, negative energy resistance 1, electricity
resistance, torment resistance 1, petrification resistance
a: Renounce Religion, Berserk


You were on level 1 of the Dungeon.
You worshipped Trog.
Trog was aware of your devotion.
You visited 1 branch of the dungeon, and saw 1 of its levels.

You collected 54 gold pieces.

Inventory:

Hand Weapons
 a - a +0 mace (weapon)
Armour
 b - a +0 animal skin (worn)
Scrolls
 c - a scroll of revelation {unknown}
Potions
 d - a potion of curing {unknown}
 e - a potion of brilliance {unknown}
 f - a potion of magic {unknown}
 g - a potion of haste {unknown}


   Skills:
 + Level 3.6 Fighting
 * Level 3.5 Maces & Flails
 + Level 2.6 Armour
 - Level 1.5 Dodging


You had one spell level left.
You didn't know any spells.
Your spell library was empty.

Dungeon Overview and Level Annotations

Branches:
Dungeon (1/15)

Altars:


Innate Abilities, Weirdness & Mutations

You are immune to sickness and miasma.
Your stone body is resilient. (AC +2)
You are immune to poison.
You resist negative energy. (rN+)
You are resistant to electric shocks. (rElec)
You are resistant to unholy torment.
You are immune to petrification.


Message History

A jackal comes into view.
The kobold misses you.
You closely miss the jackal.
The jackal barks!
The jackal completely misses you. The jackal barely misses you.
The kobold hits you with a +0 whip.
You miss the jackal. The jackal closely misses you.
The kobold barely misses you. The jackal closely misses you.
You hit the jackal.
The jackal is heavily wounded.
The jackal closely misses you. The kobold hits you with a +0 whip.
The jackal bites you but does no damage. x2
You hit the jackal.
You kill the jackal!
Trog accepts your kill. The kobold barely misses you.
The jackal bites you but does no damage.
The kobold hits you with a +0 whip.
You closely miss the jackal. The jackal misses you.
The jackal closely misses you. The kobold hits you but does no damage.
You hit the jackal but do no damage.
The jackal bites you but does no damage.
The kobold completely misses you. The jackal barely misses you.
You closely miss the jackal. The jackal barely misses you.
The kobold barely misses you. The jackal barely misses you.
You closely miss the jackal. The kobold closely misses you.
The jackal bites you but does no damage.
The kobold closely misses you.
You closely miss the jackal.
The jackal bites you but does no damage.
The jackal bites you. The kobold hits you with a +0 whip.
* * * LOW HITPOINT WARNING * * *
You are too injured to fight recklessly!
You are too injured to fight recklessly!
You are too injured to fight recklessly!
You closely miss the jackal. The jackal barely misses you.
The kobold hits you with a +0 whip.
* * * LOW HITPOINT WARNING * * *
The jackal bites you.
You die...

#.####.#####.#..###..##.#
#.# #.# .#.....>.##.# ..#
#.# .#(.....###.# #.# #.#
.#........#.# #.# #.#
.#.######.#.# #.# ..#
####.$ ##.#.# #.# ..#
..... ##.#..## #.###..#
##.†###.###..# .......#
#.h@..## ##+# #.####.#
#.K###.####.#### #.# #.#
#.. ##..#.#..## #.# #.#
#.. #.#.#^#.#.# #.# #.#
#.. #..#...#..# #.# #..
#.. ####.....#### #.# #.#
#.# +.....<.....+
..####.# #. ####.....####
#....#.# #..#...#..#


You could see a jackal and a kobold.

Vanquished Creatures
  A dart slug (D:1)
  A ball python (D:1)
  2 bats (D:1)
  2 endoplasms (D:1)
  2 goblins (D:1)
  A hobgoblin (D:1)
  2 jackals (D:1)
  A kobold (D:1)
  2 quokkas (D:1)
  2 frilled lizards (D:1)
16 creatures vanquished.

Notes
Turn   | Place    | Note
-------+----------+-------------------------------------------
     0 | D:1      | Kel the Gargoyle Berserker began the quest for the Orb.
     0 | D:1      | Reached XP level 1. HP: 14/14 MP: 1/1
   186 | D:1      | Reached XP level 2. HP: 19/19 MP: 2/2
   379 | D:1      | Slain by a jackal

Illustrated notes

Levels and vault maps discovered:
D:1:      nzn_arrival_crosshair, layout_loops_ring, roderic_lattice_a

Action                     || total
---------------------------++-------
  Melee: Mace              ||    63
 Armour: Animal skin       ||    46
  Dodge: Dodged            ||    66
